AoeStats
← kingTito7781

Arena

509022863Analyzed
3v3 RM · 8d ago on Sep 25, 2026· 57m 16s· 6 players
Game mode
Random Map
Map size
Normal (6 player)
Population
200
Speed
Normal
Resources
Standard
Victory
Conquest
Starting age
Dark Age
Ending age
Imperial Age
RankedLock teamsTeams togetherTeam positionsShared explorationLock speedFull tech treeHidden civsTurbo modeCheats
Victory
Defeat
🇹🇼 Persians · Taiwan
781
+18
🇨🇱 Franks · Chile
760
+19
🇦🇷 Chinese · Argentina
707
+20
🇨🇱 Franks · Chile
865
-21
🇨🇱 Turks · Chile
817
-19
🇨🇱 Goths · Chile
761
-17
CHILEPALESTA
1:52 Loom
10:58 Feudal Age
11:29 Double-Bit Axe
14:42 Forging
16:31 Arson
16:45 Gold Mining
16:22 Man-at-Arms
22:44 Castle Age
22:00 Fletching
22:16 Scale Barding Armor
22:12 Scale Mail Armor
22:10 Stone Mining
23:51 Bow Saw
24:20 Gold Shaft Mining
23:46 Bodkin Arrow
25:22 Iron Casting
25:59 Fervor
26:42 Chain Barding Armor
26:33 Husbandry
27:38 Sanctity
29:10 Chain Mail Armor
29:46 Caravan
32:16 Wheelbarrow
31:27 Town Watch
34:38 Hand Cart
35:44 Padded Archer Armor
38:55 Imperial Age
37:26 Gambesons
37:02 Long Swordsman
37:23 Ordonnance Companies
38:29 Masonry
38:17 Murder Holes
38:04 Treadmill Crane
39:33 Cavalier
40:36 Siege Engineers
41:49 Conscription
42:39 Blast Furnace
42:16 Plate Barding Armor
43:10 Paladin
46:56 Cranequins
49:17 Hoardings
50:18 Elite Throwing Axeman
50:54 Light Cavalry
52:45 Pikeman
53:26 Squires
56:24 Architecture
56:55 Chemistry
56:19 Ballistics
55:24 Heavy Mounted Crossbowman
GSUSDABESTIAX
1:27 Loom
12:26 Feudal Age
12:54 Double-Bit Axe
20:40 Castle Age
20:05 Horse Collar
20:21 Gold Mining
20:24 Stone Mining
21:30 Wheelbarrow
25:08 Gold Shaft Mining
26:48 Heavy Plow
29:36 Caravan
30:24 Stone Shaft Mining
30:10 Hand Cart
33:56 Imperial Age
31:17 Town Watch
31:54 Forging
31:45 Padded Archer Armor
34:04 Great Wall
34:46 Fortified Wall
35:44 Chemistry
35:42 Bow Saw
36:22 Iron Casting
36:04 Leather Archer Armor
35:47 Pikeman
36:28 Squires
37:53 Rocketry
40:28 Blast Furnace
39:59 Ring Archer Armor
39:20 Fletching
41:17 Cavalier
43:05 Scale Barding Armor
43:43 Bombard Tower
43:44 Ballistics
45:08 Chain Barding Armor
44:59 Husbandry
49:13 Plate Barding Armor
49:11 Guard Tower
51:30 Fortified Wall
52:20 Town Patrol
53:38 Coinage
52:50 Elite Chu Ko Nu
56:10 Two-Man Saw
z23091820
10:29 Feudal Age
14:55 Castle Age
17:46 Horse Collar
18:06 Double-Bit Axe
22:10 Wheelbarrow
21:53 Horse Collar
22:27 Husbandry
24:14 Bow Saw
24:19 Bloodlines
24:54 Heavy Plow
27:21 Hand Cart
32:12 Imperial Age
30:34 Forging
30:30 Scale Barding Armor
31:13 Scale Mail Armor
32:18 Caravan
32:48 Coinage
32:21 Loom
32:22 Town Watch
33:57 Iron Casting
34:16 Gold Mining
34:02 Cavalier
34:26 Light Cavalry
35:15 Elite War Elephant
37:37 Blast Furnace
36:58 Chain Barding Armor
36:32 Stone Mining
37:17 Gold Shaft Mining
37:23 Gold Shaft Mining
38:17 Hussar
39:36 Crop Rotation
40:09 Two-Man Saw
39:45 Conscription
41:19 Plate Barding Armor
41:00 Chain Mail Armor
42:10 Savar
45:01 Citadels
elsapokM
11:57 Feudal Age
17:02 Castle Age
16:18 Stone Mining
19:03 Wheelbarrow
23:54 Double-Bit Axe
30:41 Hand Cart
30:17 Horse Collar
30:58 Gold Mining
32:39 Anarchy
33:12 Bow Saw
34:19 Heavy Plow
38:36 Pikeman
39:17 Squires
48:37 Imperial Age
kingTito7781
12:08 Feudal Age
13:21 Double-Bit Axe
18:56 Castle Age
17:35 Forging
17:18 Gold Mining
19:20 Scale Barding Armor
20:14 Wheelbarrow
26:23 Bow Saw
26:24 Stone Mining
27:41 Iron Casting
28:24 Gold Shaft Mining
30:16 Hand Cart
33:46 Imperial Age
32:29 Husbandry
32:34 Scale Mail Armor
33:54 Cavalier
34:36 Murder Holes
34:52 Loom
35:26 Caravan
35:44 Paladin
39:36 Chivalry
40:52 Fervor
41:59 Blast Furnace
42:49 Chain Mail Armor
43:00 Chain Barding Armor
43:02 Masonry
45:25 Pikeman
46:58 Squires
46:35 Halberdier
47:05 Arson
49:38 Plate Mail Armor
49:49 Plate Barding Armor
51:38 Fletching
52:51 Light Cavalry
54:00 Capped Ram
Nergal9964
14:21 Feudal Age
18:38 Castle Age
16:49 Horse Collar
16:57 Double-Bit Axe
17:24 Gold Mining
17:51 Stone Mining
19:13 Wheelbarrow
19:39 Bow Saw
25:19 Hand Cart
26:09 Gold Shaft Mining
32:13 Imperial Age
30:53 Loom
33:35 Conscription
33:16 Artillery
33:15 Murder Holes
33:30 Fortified Wall
33:24 Padded Archer Armor
33:14 Fletching
33:49 Sipahi
33:39 Caravan
35:09 Two-Man Saw
34:29 Leather Archer Armor
34:19 Scale Barding Armor
33:37 Man-at-Arms
35:43 Elite Janissary
35:48 Heavy Scorpion
36:54 Bloodlines
36:45 Scale Mail Armor
37:06 Chain Barding Armor
36:57 Forging
40:59 Bombard Tower
41:13 Ring Archer Armor
40:38 Bodkin Arrow
41:20 Plate Barding Armor
42:09 Long Swordsman
43:05 Chain Mail Armor
43:26 Iron Casting
42:51 Bracer
47:59 Two-Handed Swordsman
54:26 Plate Mail Armor
Connection lost

Rejoining the realm…

Still unreachable

The connection could not be restored.

Session expired

The server has moved on; the page needs a fresh start.